Unix xNetHack Version 8.0.0 - last build Jun 13 2023 01:05:28 (4b7ecc64c373f7294607d497be3f7ce1783331ac). Game began 2023-08-14 03:10:22, ended 2023-08-14 03:17:02. parasite, chaotic female orcish Rogue ---- --..| --...-- ------- |.....| ---- |..... |.....-- | ---.....----.... --- `.....| |.................------.-----.....-- --.................G........f)(@| ----..%.......<...--.G......).....-- ----......(...............h.....----->...- -...............................-- |..|..| ------......*.........|........-- |.---.^. -`.............|.|.........| --- ---- ................----..........-- -....... ----........ |............-- |...... |........ |....-........| |... |.......- ----..........| | ---..... |...|......- --.... |..---.--...| ---- ---- --- -.-- -- Parasite the Footpad St:14 Dx:14 Co:12 In:13 Wi:10 Ch:12 Chaotic S:285 Dlvl:3 $:29 HP:0(17) Pw:4(4) AC:6 Xp:2/39 T:707 Latest messages: The kitten drops a violet gem. You see here a violet gem. s - a violet gem {1}. The gnome wields an axe! The axe welds itself to the gnome's hand! You begin bashing monsters with your bare hands. You punch the gnome. You punch the gnome. The gnome swings his axe. The gnome chops you! The gnome throws a dart! A dart misses you. You punch the gnome. The gnome swings his axe. The gnome rends you! The gnome throws a dart! You are hit by a dart. The kitten misses the gnome. You kill the gnome! The kitten misses the gnome. The gnome swings his axe. The gnome gashes you! You miss the gnome. The kitten bites the gnome. The gnome swings his axe at the kitten. The gnome misses the kitten. The gnome swings his axe. The gnome misses! The kitten bites the gnome. The gnome is killed! You see here a cursed axe. t - a cursed axe {60}. What do you want to drop? [$d-hj-np-tAHQ or ?*] t You drop a cursed axe {60}. The kitten picks up a dart. u - 9 darts {9}. v - a pair of mud boots {20}. The kitten drops a dart. The kitten picks up a dart. The gnome throws a dart! You are almost hit by a dart. You see here a stone figurine of a winged gargoyle. You see here a human corpse. A bear trap closes on your foot! You die... Do you want your possessions identified? [ynq] (y) y Do you want to see your attributes? [ynq] (y) y Do you want an account of creatures vanquished? [ynaq] (y) y Do you want to see your conduct and achievements? [ynq] (y) y Do you want to see the dungeon overview? [ynq] (y) y Inventory: Inventory: 427/600 weight (19/52 slots) Coins $ - 29 gold pieces {1} Weapons q - 10 +1 darts {10} u - 9 +0 darts {9} Q - 7 +0 orcish daggers (at the ready) {70} Armor l - an uncursed +0 orcish helm {30} v - a cursed -2 pair of fumble boots {20} A - an uncursed +1 leather light armor (being worn) {113} H - a blessed very rusty +1 helmet (being worn) {23} Comestibles g - 2 uncursed fortune cookies {2} j - 2 uncursed lichen corpses {40} p - a cursed pancake {2} r - an uncursed food ration {20} Scrolls n - an uncursed scroll of enchant weapon {5} Potions d - an uncursed potion of sickness {20} h - an uncursed potion of hallucination {20} m - a blessed potion of levitation {20} Rings k - a cursed ring of aggravate monster {3} Tools e - an uncursed lock pick {4} f - an empty uncursed sack {15} Gems/Stones s - an uncursed worthless piece of violet glass {1} Parasite the Rogue's attributes: Background: You were a Footpad, a level 2 female orcish Rogue. You were chaotic, on a mission for Kos who was opposed by Issek (lawful) and Mog (neutral). You were heterosexual. You were in the Gnomish Mines, on level 3. You entered the dungeon 707 turns ago. It was nighttime. You had 39 experience points, 1 more was needed to attain level 3. Your score was 285 before end-of-game adjustments. Basics: You had 0 out of 17 hit points. You had all 4 energy points (spell power). Your armor class was 6. Your wallet contained 29 zorkmids. Autopickup was on for '$"=?!/' plus thrown. Final Characteristics: Your strength was 14 (limit:18/50). Your dexterity was 14 (base:15, limit:18). Your constitution was 12 (limit:18). Your intelligence was 13 (limit:16). Your wisdom was 10 (limit:16). Your charisma was 12 (limit:16). Final Status: You were trapped in a bear trap. You had a wounded left leg. You were not hungry. You were unencumbered. You were bare handed. You were unskilled in bare handed combat. Final Attributes: You were fervently aligned. You were poison resistant. You had infravision. You were stealthy. You were warded. You are dead. Miscellaneous: You never encountered a bones level. Total elapsed playing time was 6 minutes and 36 seconds. Major events: Turn 1: parasite the chaotic female orcish Rogue entered the dungeon 575: entered the Gnomish Mines 707: killed by a bear trap Vanquished creatures: a gnome leader 6 gnomes 6 jackals 2 goblins a sewer rat 2 grid bugs 4 lichens 3 newts 25 creatures vanquished. No species were genocided or became extinct. Voluntary challenges: You were illiterate. You never genocided any monsters. You never polymorphed an object. You never changed form. You never touched an artifact. You used no wishes. You never scared an enemy with impunity. You were celibate. You never generated conflict. Achievement: You entered the Gnomish Mines. Dungeon overview: The Dungeons of Doom: levels 1 to 3 Level 1: Level 2: A fountain. Stairs down to The Gnomish Mines. Level 3: The Gnomish Mines: Level 3: <- You were here. Final resting place for you, killed by a bear trap. Game over: __________ / \ / REST \ / IN \ / PEACE \ / \ | parasite | | 29 Au | | killed by a bear | | trap | | | | | | 2023 | *| * * * | * _________)/\\_//(\/(/\)/\//\/|_)_______ Goodbye parasite the Rogue... You died in The Gnomish Mines on dungeon level 3 with 283 points, and 29 pieces of gold, after 707 moves. You were level 2 with a maximum of 17 hit points when you died.